 Dungeon Crawl Stone Soup version 0.28.0 (webtiles) character file.

Game seed: 18135002151997569678

706557 fragbeetle the Illuminatus (level 27, -22/215 HPs)
             Began as a Gnoll Wanderer on Feb 15, 2022.
             Was a High Priest of Ashenzari.
             Killed from afar by an orb of fire (51 damage)
             ... with a fireball
             ... on level 5 of the Realm of Zot on Feb 18, 2022.
             The game lasted 07:52:25 (103575 turns).

fragbeetle the Illuminatus (Gnoll Wanderer)       Turns: 103575, Time: 07:52:26

Health: -22/215    AC: 38    Str: 13 (15) XL:     27
Magic:  43/46      EV: 13    Int: 15 (16) God:    Ashenzari [*****.]
Gold:   4040       SH: 20    Dex: 19 (20) Spells: 5/74 levels left

rFire   + . .      SeeInvis +   F - +9 demon trident (pain)
rCold   + . .      Faith    .   r - +2 kite shield of Ashenzari's Burden {reflect, Melee, Comp} (curse)
rNeg    + + +      Spirit   .   n - +10 plate armour of Supernal Wisdom {Str+2 Int+4, Fort, Comp} (curse)
rPois   +          Reflect  +   S - +2 helmet of Ashenzari's Stickiness {Elem, Bglg} (curse)
rElec   +          Harm     .   j - scarf of Star-Bound Wisdom {rC+ rF+, Fort, Bglg} (curse)
rCorr   +          Rampage  +   B - +2 pair of gloves "Astral Absolutism" {Str+3, Self, Fort} (curse)
Will    +++..      Clarity  +   m - +2 pair of boots of the Restrained God {rampage, Evo, Self} (curse)
Stlth   ++........ Rnd*Tele +   J - amulet "Overhang to Understand" {Acrobat rPois rN+ Regen+, Comp, Evo} (curse)
HPRegen 1.25/turn               G - ring "Konajo" {rElec rN+ Dex+4 Slay+3 Stlth-}
MPRegen 0.30/turn               g - ring "Share My Malaise" {rPois rN+ Will+ rCorr Str-3, Elem, Self} (curse)

@: flying (expiring), very slightly contaminated, unable to read
A: fangs 1, strong nose, distributed training, berserk 2, clumsy 1, deformed
body, deterioration 2, dopey 1, frail 1, low MP 1, screaming 2, teleportitis 2,
weak 2, no potion heal 1, subdued magic 1, inability to read while threatened,
devolution 1
}: 5/15 runes: barnacled, slimy, silver, abyssal, gossamer
a: Renounce Religion, Curse Item, Shatter the Chains


You were on level 5 of the Realm of Zot.
You worshipped Ashenzari.
Ashenzari was extremely pleased with you.
You visited 17 branches of the dungeon, and saw 62 of its levels.
You visited the Abyss 2 times.
You visited 2 bazaars.
You also visited: Ossuary, Gauntlet, Ice Cave and Desolation.

You collected 9913 gold pieces.
You spent 5873 gold pieces at shops.

Inventory:

Hand Weapons
 a - the +9 mace "Kuel" {speed, rC+ Will+ MP+9 Dex+2}
   (You took it off a deep elf sorcerer on level 3 of the Elven Halls)

   Attacks with this weapon are significantly faster.
   Dex:       It affects your dexterity (+2).
   rC:        It protects you from cold.
   MP:        It affects your magic capacity (+9).
   Will:      It increases your willpower.
 b - the +7 hand crossbow "Fohatac" {flame, *Slow rN+ Dex+5}
   (You took it off a spriggan on level 6 of the Lair of Beasts)

   Any ammunition fired from it burns those it strikes, dealing additional fire
   damage.
   Dex:       It affects your dexterity (+5).
   rN:        It protects you from negative energy.
   *Slow:     It may slow you when you take damage.
 F - a +9 demon trident of pain (weapon)
Missiles
 k - 6 silver boomerangs (quivered)
 x - 6 curare-tipped darts
 N - 1203 bolts
 P - 9 throwing nets
Armour
 j - the cursed scarf of Star-Bound Wisdom (worn) {rC+ rF+, Fort, Bglg}
   (You found it in a Gauntlet)

   It has a curse which improves the following skills: Fortitude: Armour and
   Shields.
   Beguiling: Conjurations, Hexes and Translocations.
 m - the cursed +2 pair of boots of the Restrained God (worn) {rampage, Evo, Self}
   (You found it on level 5 of the Pits of Slime)

   It has a curse which improves the following skills: Evocations: Evocations.
   Introspection: Fighting and Spellcasting.
 n - the cursed +10 plate armour of Supernal Wisdom (worn) {Str+2 Int+4, Fort, Comp}
   (You found it on level 3 of the Dungeon)

   Str:       It affects your strength (+2).
   Int:       It affects your intelligence (+4).
   It has a curse which improves the following skills: Fortitude: Armour and
   Shields.
   Companions: Summonings and Necromancy.
 r - the cursed +2 kite shield of Ashenzari's Burden (worn) {reflect, Melee, Comp}
   (You took it off Donald on level 1 of the Vaults)

   It has a curse which improves the following skills: Melee Combat: Short
   Blades, Long Blades, Axes, Maces & Flails, Polearms, Staves and Unarmed
   Combat.
   Companions: Summonings and Necromancy.
 B - the cursed +2 pair of gloves "Astral Absolutism" (worn) {Str+3, Self, Fort}
   (You bought it in a shop on level 1 of the Orcish Mines)

   It has a curse which improves the following skills: Introspection: Fighting
   and Spellcasting.
   Fortitude: Armour and Shields.
 S - the cursed +2 helmet of Ashenzari's Stickiness (worn) {Elem, Bglg}
   (You found it on level 4 of the Spider Nest)

   It has a curse which improves the following skills: Elements: Fire Magic, Ice
   Magic, Air Magic and Earth Magic.
   Beguiling: Conjurations, Hexes and Translocations.
Jewellery
 c - the amulet "Heitu" {rElec Regen+ rCorr}
   (You found it on level 3 of the Abyss)

   [amulet of regeneration]

   rElec:     It insulates you from electricity.
   Regen:     It increases your rate of health regeneration.
   rCorr:     It protects you from acid and corrosion.
 f - the ring of the Equinox {Fly Int+5 Stlth-}
   (You took it off a deep elf annihilator on level 3 of the Elven Halls)

   [ring of flight]

   Int:       It affects your intelligence (+5).
   Fly:       It grants you flight.
   Stlth:     It makes you less stealthy.
 g - the cursed ring "Share My Malaise" (right hand) {rPois rN+ Will+ rCorr Str-3, Elem, Self}
   (You bought it in a shop on level 2 of the Orcish Mines)

   [ring of positive energy]

   Str:       It affects your strength (-3).
   rPois:     It protects you from poison.
   rN:        It protects you from negative energy.
   rCorr:     It protects you from acid and corrosion.
   Will:      It increases your willpower.
   It has a curse which improves the following skills: Elements: Fire Magic, Ice
   Magic, Air Magic and Earth Magic.
   Introspection: Fighting and Spellcasting.
 E - the ring "Huikkas" {rF+ Will+ Str+4 Int+6 Stlth+}
   (You bought it in a shop on level 5 of the Vaults)

   [ring of intelligence]

   Str:       It affects your strength (+4).
   Int:       It affects your intelligence (+6).
   rF:        It protects you from fire.
   Will:      It increases your willpower.
   Stlth:     It makes you more stealthy.
 G - the ring "Konajo" (left hand) {rElec rN+ Dex+4 Slay+3 Stlth-}
   (You found it on level 3 of the Crypt)

   [ring of positive energy]

   Dex:       It affects your dexterity (+4).
   Slay:      It affects your accuracy & damage with ranged weapons and melee
   (+3).
   rElec:     It insulates you from electricity.
   rN:        It protects you from negative energy.
   Stlth:     It makes you less stealthy.
 J - the cursed amulet "Overhang to Understand" (around neck) {Acrobat rPois rN+ Regen+, Comp, Evo}
   (You found it on level 5 of the Pits of Slime)

   [amulet of the acrobat]

   It increases your evasion while moving and waiting.
   rPois:     It protects you from poison.
   rN:        It protects you from negative energy.
   Regen:     It increases your rate of health regeneration.
   It has a curse which improves the following skills: Companions: Summonings
   and Necromancy.
   Evocations: Evocations.
Wands
 D - a wand of flame (24)
 K - a wand of iceblast (20)
 M - a wand of polymorph (2)
 T - a wand of paralysis (14)
 Z - a wand of acid (15)
Scrolls
 d - 11 scrolls of fog
 h - 5 scrolls of blinking
 u - 16 scrolls of teleportation
 I - 3 scrolls of magic mapping
 U - 6 scrolls of holy word
 V - 2 scrolls of summoning
 Y - 9 scrolls of fear
Potions
 i - 4 potions of magic
 l - 8 potions of ambrosia
 p - 7 potions of might
 q - 2 potions of invisibility
 s - 17 potions of curing
 v - 5 potions of brilliance
 z - 2 potions of flight
 A - 2 potions of heal wounds
 H - 10 potions of attraction
 O - 3 potions of haste
 Q - 2 potions of resistance
 X - 4 potions of berserk rage
Miscellaneous
 e - a tin of tremorstones (1/2)
 o - a box of beasts
 t - a phial of floods
 w - a phantom mirror
 y - a lightning rod (4/4)
 L - a condenser vane
 R - the horn of Geryon


   Skills:
 + Level 20.2(24.3) Fighting
 + Level 20.0(22.1) Short Blades
 + Level 20.0(22.1) Long Blades
 + Level 20.0(22.1) Axes
 + Level 20.0(22.1) Maces & Flails
 + Level 20.0(22.1) Polearms
 + Level 20.9(22.9) Staves
 + Level 20.0 Slings
 + Level 20.0 Bows
 + Level 20.0 Crossbows
 + Level 20.2 Throwing
 + Level 20.0(24.2) Armour
 + Level 20.0 Dodging
 + Level 20.0 Stealth
 + Level 20.0(24.2) Shields
 + Level 20.0(22.1) Unarmed Combat
 + Level 20.2(24.3) Spellcasting
 + Level 17.9(21.1) Conjurations
 + Level 17.1(20.4) Hexes
 + Level 17.1(21.4) Summonings
 + Level 17.1(21.4) Necromancy
 + Level 17.1(20.4) Translocations
 + Level 17.1 Transmutations
 + Level 17.1(20.4) Fire Magic
 + Level 21.5(24.5) Ice Magic
 + Level 17.1(20.4) Air Magic
 + Level 17.1(20.4) Earth Magic
 + Level 17.1 Poison Magic
 + Level 21.6 Invocations
 + Level 20.2(23.3) Evocations


You had 5 spell levels left.
You knew the following spells:

 Your Spells              Type           Power      Damage    Failure   Level
a - Animate Armour        Summ/Erth      100%       N/A       1%          4
b - Eringya's Noxious Bo  Tmut/Pois      26%        N/A       2%          6
c - Statue Form           Tmut/Erth      36%        N/A       1%          6
d - Irradiate             Conj/Tmut      27%        3d22      1%          5
e - Infestation           Necr           29%        N/A       24%         8
f - Foxfire               Conj/Fire      100%       2x1d9     0%          1
g - Borgnjor's Vile Clut  Necr/Erth      29%        N/A       1%          5
h - Ozocubu's Armour      Ice            63%        N/A       0%          3
i - Summon Guardian Gole  Hex/Summ       58%        N/A       0%          3
j - Passage of Golubria   Tloc           57%        N/A       1%          4
k - Haunt                 Necr/Summ      29%        N/A       2%          7
m - Metabolic Englaciati  Hex/Ice        30%        N/A       1%          5
t - Silence               Hex/Air        28%        N/A       1%          5
y - Ozocubu's Refrigerat  Ice            31%        4d11      1%          7

Your spell library contained the following spells:

 Spells                   Type           Power      Damage    Failure   Level
 Animate Skeleton         Necr           100%       N/A       0%          1
 Freeze                   Ice            100%       1d11      0%          1
 Magic Dart               Conj           100%       1d8       0%          1
 Pain                     Necr           100%       1d9       0%          1
 Sandblast                Erth           100%       2d20      0%          1
 Shock                    Conj/Air       100%       1d9       0%          1
 Slow                     Hex            100%       N/A       0%          1
 Summon Small Mammal      Summ           100%       N/A       0%          1
 Call Imp                 Summ           59%        N/A       0%          2
 Corpse Rot               Necr/Air       100%       N/A       0%          2
 Ensorcelled Hibernation  Hex/Ice        100%       N/A       0%          2
 Passwall                 Tmut/Erth      45%        N/A       0%          2
 Poisonous Vapours        Pois/Air       100%       N/A       0%          2
 Scorch                   Fire           100%       2d10      0%          2
 Static Discharge         Conj/Air       58%        N/A       0%          2
 Sublimation of Blood     Necr           59%        N/A       0%          2
 Call Canine Familiar     Summ           59%        N/A       0%          3
 Conjure Flame            Conj/Fire      58%        6-21      0%          3
 Dazzling Flash           Conj/Hex       100%       N/A       0%          3
 Frozen Ramparts          Ice            100%       1d12      0%          3
 Inner Flame              Hex/Fire       57%        N/A       0%          3
 Mephitic Cloud           Conj/Pois/Air  56%        N/A       0%          3
 Portal Projectile        Hex/Tloc       100%       N/A       0%          3
 Stone Arrow              Conj/Erth      100%       3d13      0%          3
 Swiftness                Air            57%        N/A       0%          3
 Teleport Other           Tloc           57%        N/A       0%          3
 Tukima's Dance           Hex            57%        N/A       0%          3
 Vampiric Draining        Necr           59%        2d10      0%          3
 Hailstorm                Conj/Ice       61%        3d13      0%          4
 Wereblood                Tmut           52%        N/A       1%          2
 Airstrike                Air            28%        N/A       1%          4
 Anguish                  Hex/Necr       29%        N/A       1%          4
 Animate Dead             Necr           29%        N/A       1%          4
 Dispel Undead            Necr           59%        3d21      1%          4
 Flame Wave               Conj/Fire      58%        2d11      1%          4
 Ice Form                 Ice/Tmut       58%        N/A       1%          4
 Iskenderun's Mystic Bla  Conj/Tloc      58%        2d12      1%          4
 Leda's Liquefaction      Hex/Erth       28%        N/A       1%          4
 Petrify                  Tmut/Erth      55%        N/A       1%          4
 Sticky Flame             Conj/Fire      58%        2d7       1%          4
 Summon Lightning Spire   Summ/Air       58%        N/A       1%          4
 Agony                    Necr           59%        N/A       1%          5
 Alistair's Intoxication  Tmut/Pois      34%        N/A       1%          5
 Blade Hands              Tmut           26%        N/A       1%          5
 Excruciating Wounds      Necr           29%        N/A       1%          5
 Freezing Cloud           Conj/Ice/Air   30%        6-21      1%          5
 Iskenderun's Battlesphe  Conj           58%        2d11      1%          5
 Lightning Bolt           Conj/Air       29%        1d45      1%          5
 Summon Forest            Summ/Tloc      29%        N/A       1%          5
 Summon Mana Viper        Hex/Summ       58%        N/A       1%          5
 Death Channel            Necr           29%        N/A       1%          6
 Iron Shot                Conj/Erth      29%        9d6       1%          6
 Starburst                Conj/Fire      29%        6d9       1%          6
 Summon Cactus Giant      Summ           29%        N/A       1%          6
 Spellforged Servitor     Conj/Summ      29%        N/A       2%          7
 Summon Hydra             Summ           29%        N/A       2%          7
 Malign Gateway           Summ/Tloc      29%        N/A       3%          7
 Enfeeble                 Hex            28%        N/A       4%          7
 Storm Form               Tmut/Air       27%        N/A       9%          7
 Dragon Form              Tmut           26%        N/A       17%         7
 Borgnjor's Revivificati  Necr           29%        N/A       24%         8
 Summon Horrible Things   Summ           29%        N/A       24%         8
 Lehudib's Crystal Spear  Conj/Erth      29%        10d8      32%         8
 Discord                  Hex            28%        N/A       34%         8
 Maxwell's Capacitive Co  Air            28%        ∞         34%         8
 Necromutation            Tmut/Necr      27%        N/A       52%         8
 Polar Vortex             Ice            31%        N/A       71%         9
 Chain Lightning          Conj/Air       29%        3d38      99%         9
 Death's Door             Necr           29%        N/A       99%         9


Dungeon Overview and Level Annotations

Branches:
Dungeon (15/15)            Temple (1/1) D:5            Lair (6/6) D:11
 Shoals (4/4) Lair:3       Spider (4/4) Lair:3        Slime (5/5) Lair:5
    Orc (2/2) D:10            Elf (3/3) Orc:2        Vaults (5/5) D:14
  Crypt (3/3) Vaults:3       Tomb (0/3) Crypt:3      Depths (4/4) D:15
   Hell (visited)             Dis (1/7) Hell            Geh (1/7) Hell
    Coc (1/7) Hell            Tar (1/7) Hell            Zot (5/5) Depths:4
Ossuary (visited)           IceCv (visited)         Desolation (visited)
Gauntlet (visited)

Altars:
Ashenzari
Cheibriados
Dithmenos
Elyvilon
Fedhas
Gozag
Hepliaklqana
Kikubaaqudgha
Makhleb
Nemelex Xobeh
Okawaru
Qazlal
Ru
Sif Muna
Trog
Uskayaw
Vehumet
Wu Jian
Xom
Yredelemnul
Zin
The Shining One
Jiyva
Lugonu

Shops:
D:4 ?   Orc:1 [   Orc:2 !(=:   Elf:2 !   Shoals:2 !*   Vaults:4 (
Vaults:5 :???!!?=?   Depths:1 *?(*   Depths:3 =[

Portals:
Hell: Depths:1 Depths:2 Depths:3 Depths:4
Abyss: Lair:6 Depths:1 Depths:3 Depths:4
Pandemonium: Depths:1 Depths:2 Depths:3 Depths:4
Ziggurat: Depths:1
Trove: Depths:3 (give +3 storm dragon scales)

Annotations:
Vaults:4 exclusion: downstairs
Crypt:2 2 transporters, Ulecsuczon's ghost, veteran MiGl


Innate Abilities, Weirdness & Mutations

You have very sharp teeth.
Your uncanny sense of smell can sniff out nearby items.
Your experience applies equally to all skills.
You often lose your temper in combat.
You are clumsy. (Dex -2)
Armour fits poorly on your strangely shaped body.
Your body often deteriorates upon taking damage.
You are dopey. (Int -2)
You are frail. (-10% HP)
Your magical capacity is low. (-10% MP)
You frequently scream uncontrollably at your foes.
You are sometimes teleported next to monsters.
You are very weak. (Str -4)
Potions are less effective at restoring your health.
Your spells are a little easier to cast, but a little less powerful.
You sometimes lose the ability to read scrolls when taking damage.
You have hidden genetic defects.


Message History

The burst of rock shards engulfs the twister!!
The burst of rock shards engulfs the orb of fire but does no damage.
The burst of rock shards engulfs you but does no damage.
The burst of rock shards engulfs the twister!! x2
The burst of rock shards engulfs the orb of fire but does no damage.
The burst of rock shards engulfs you but does no damage.
The burst of rock shards engulfs the twister!!
The burst of rock shards engulfs the orb of fire.
The burst of rock shards engulfs the twister!
You are engulfed in whirling frost.
Unknown command.
You hit the orb of fire. Your bite misses the orb of fire.
The orb of fire is almost destroyed.
You are engulfed in whirling frost.
The orb of fire glows red.
The fireball explodes!
The fireball engulfs you! You resist.
* * * LOW HITPOINT WARNING * * *
The fireball engulfs the orb of fire.
The orb of fire completely resists.
Casting: Irradiate (safe; 1% risk of failure)
Confirm with . or Enter, or press ? or * to list all spells.
Okay, then.
Unknown command.
Your system partially rejects the healing.
You feel much better.
You are engulfed in whirling frost.
* * * LOW HITPOINT WARNING * * *
The orb of fire emits a lurid red light.
The fireball explodes!
The fireball engulfs you!! You resist.
* * * LOW HITPOINT WARNING * * *
Your body deteriorates!
You feel dopey.
The fireball engulfs the orb of fire.
The orb of fire completely resists.
Your system partially rejects the healing.
You feel much better.
You are engulfed in whirling frost.
The twister disappears in a puff of smoke!
The orb of fire emits a lurid red light.
The fireball explodes!
The fireball engulfs you!! You resist.
* * * LOW HITPOINT WARNING * * *
The fireball engulfs the orb of fire.
The orb of fire completely resists.
The orb of fire glows bright magenta.
The fireball explodes!
The fireball engulfs you!!! You resist.
You die...

,,,,*#X§..###### #####....##....
,,,,,^..##* ######...)....
*****▓▓** #####▓▓▓▓▓▓▓▓ ,,,,****
####▓▓▓▓.... ^,,,,,,***
#########▓....... ,,,,,,,,,**
###########......... ,,^,,,,,,,*
▓▓▓▓▓▓▓▓▓▓#..^^......
,,^,,,,,,,*▓▓.§§§§§§▓▓▓..........
,,,,,,,,,,▓▓..§§@*§§§▓▓..........
,,,,,,,,,,▓..§§§§§§§§§▓..........
,,,,,,,,^....§§§§§§§§§§......^..^
,,,,,,,,,.▓...§§§§§§§§▓..........
,,,,,,,,,,▓▓.§§§§§§§§▓▓..........
,,,,,,,,,,*▓▓§§§§§§§▓▓▓.....^....
,,,,,,,,,,* ▓▓▓▓▓▓▓▓▓▓▓..........
,,,,,,,,,** ▓▓▓▓▓▓▓▓▓▓.........
,,,,,,,*** ▓▓▓▓▓▓▓▓▓▓▓▓.......


You could see an orb of fire.

Vanquished Creatures
  the Royal Jelly (Slime:5)
  3 dread liches
  2 ancient liches
  Mara (Shoals:3)
  6 orbs of fire
  2 juggernauts
  Mennas (Crypt:2)
  Sojobo (Vaults:3)
  A Killer Klown (Zot:5)
  A shard shrike (IceCv)
  Frederick (Crypt:3)
  Margery (Vaults:5)
  Saint Roka (Crypt:2)
  3 curse toes
  Xtahua (Crypt:2)
  15 golden dragons
  Geryon (Hell)
  A caustic shrike (Depths:3)
  the Enchantress (Depths:4)
  A bone dragon (Abyss:4)
  Jory (Depths:3)
  5 electric golems
  A shard shrike zombie (Crypt:3)
  A hellephant (Abyss:4)
  15 tentacled monstrosities
  8 liches
  25 Orb Guardians
  A deep elf master archer (Elf:3)
  A walking divine tome (Depths:3)
  3 deep elf blademasters (Elf:3)
  4 quicksilver dragons
  An Executioner (Abyss:3)
  7 tentacled starspawn
  Murray (Hell)
  21 acid blobs
  5 sphinxes
  2 titans (Vaults:5)
  13 ancient champions
  8 death cobs
  A kraken (Shoals:4)
  9 tengu reavers
  13 storm dragons
  14 shadow dragons
  10 draconian monks
  Kirke (D:15)
  Roxanne (Spider:2)
  5 rockslimes
  Donald (Vaults:1)
  11 draconian knights
  10 frost giants
  9 fire giants
  9 azure jellies
  6 emperor scorpions (Spider:4)
  6 iron dragons
  4 imperial myrmidons (Desolation)
  9 deep elf sorcerers
  9 draconian scorchers
  A cacodemon (Abyss:3)
  13 ghost moths
  5 balrugs
  An orc warlord (D:10)
  13 vault wardens
  A caustic shrike zombie (Hell)
  A juggernaut zombie (Crypt:3)
  3 deep elf elementalists
  Aizul (Vaults:3)
  An angel (Abyss:3)
  Louise (Shoals:1)
  4 war gargoyles
  2 draconian stormcallers (Zot:2)
  5 spriggan defenders
  4 curse skulls
  5 ghouls
  4 reapers
  17 ironbound preservers
  19 very ugly things
  13 stone giants
  10 vampire knights
  10 quicksilver oozes
  A broodmother (Spider:3)
  7 draconian annihilators
  2 ophanim (Abyss:3)
  3 deep elf demonologists
  16 black draconians
  17 red draconians
  3 ironbound thunderhulks (Vaults:1)
  6 yellow draconians
  Nessos (D:13)
  A minotaur (Gauntlet)
  23 green draconians
  5 deep elf annihilators (Elf:3)
  10 purple draconians
  5 entropy weavers
  3 halazid warlocks
  14 white draconians
  A dire elephant (shapeshifter) (Vaults:5)
  12 spark wasps
  19 dire elephants
  8 deep elf death magi
  2 merfolk javelineers
  4 eidola (Crypt:2)
  10 ettins
  4 ragged hierophants (Desolation)
  16 jiangshi
  9 merfolk impalers
  A blizzard demon (Hell)
  6 deep elf high priests
  14 fire dragons
  Harold (D:10)
  17 great orbs of eyes
  2 rakshasas
  8 ice dragons
  11 yaktaur captains
  15 peacekeepers
  A salamander tyrant (Hell)
  8 boulder beetles
  8 hydras
  33 vault guards
  5 jorogumos
  6 servants of whispers (Desolation)
  Erolcha (D:10)
  4 ogre magi
  3 merfolk avatars
  2 hell beasts (Hell)
  7 spriggan air magi
  12 merfolk aquamancers
  15 centaur warriors
  8 two-headed ogres
  5 radroaches
  4 ironbound frosthearts
  The ghost of issech the Basher, a novice TrMo of Hepliaklqana (D:9)
  26 dancing weapons
  An alligator snapping turtle (Shoals:1)
  A fenstrider witch skeleton (Crypt:1)
  3 death knights
  3 satyrs
  3 hell hogs (Hell)
  2 tengu warriors
  6 deep troll earth magi
  9 deep troll shamans
  A titan zombie (Crypt:1)
  6 death yaks
  9 vampire magi
  6 spriggan berserkers
  6 orc high priests
  10 thrashing horrors
  15 soul eaters
  12 deep elf knights
  12 hell knights
  7 sun demons
  7 iron trolls
  5 wretched stars
  34 skeletal warriors
  A sun moth (Spider:4)
  3 titan skeletons
  A salamander mystic (Depths:3)
  A sixfirhy (Abyss:3)
  2 death drakes (Depths:4)
  A goliath frog (shapeshifter) (Vaults:1)
  A spatial maelstrom (Abyss:3)
  An entropy weaver zombie (Crypt:3)
  6 pharaoh ants
  5 steelbarb worms
  9 starcursed masses (Abyss:3)
  2 anaconda zombies
  55 deep trolls
  2 cherubim (Abyss:3)
  An obsidian statue (Vaults:1)
  10 sea snakes
  14 orb spiders
  A bunyip skeleton (Crypt:3)
  14 deep elf archers
  2 glowing orange brains
  A lindwurm (shapeshifter) (Vaults:5)
  4 flayed ghosts
  2 bog bodies (Crypt:1)
  9 lindwurms
  A shadow demon (Hell)
  6 wizards
  17 phantasmal warriors
  An anaconda skeleton (Hell)
  17 ironbound convokers
  23 deep elf pyromancers
  An orange crystal statue (IceCv)
  25 deep elf zephyrmancers
  A jorogumo zombie (Crypt:1)
  13 necromancers
  30 ugly things
  An oklob plant (D:11)
  5 orc knights
  3 orc sorcerers
  42 harpies
  6 shining eyes
  A shadow dragon skeleton (Crypt:3)
  28 wolf spiders
  A manticore (shapeshifter) (Vaults:5)
  13 manticores
  29 fauns
  8 cyclopes
  27 moths of wrath
  A black mamba (shapeshifter) (Vaults:5)
  A worldbinder (Abyss:3)
  21 elephants
  3 salamanders (Depths:3)
  A guardian serpent (shapeshifter) (Vaults:5)
  9 rust devils
  9 torpor snails
  8 merfolk sirens
  9 black mambas
  A stone giant skeleton (Crypt:2)
  16 vault sentinels
  An ice statue (D:15)
  2 eyes of devastation
  4 molten gargoyles
  8 water nymphs
  A water nymph (shapeshifter) (Depths:4)
  2 guardian serpents (Desolation)
  A naga mage (D:15)
  3 orange demons
  11 smoke demons
  2 gargoyles
  An unseen horror (Abyss:2)
  10 cane toads
  A komodo dragon (shapeshifter) (Abyss:3)
  A storm dragon simulacrum (Hell)
  9 freezing wraiths
  10 demonic crawlers
  A yaktaur zombie (Vaults:3)
  A hellion (Hell)
  3 kobold demonologists (D:9)
  2 sea snake zombies (Hell)
  15 rime drakes
  An alligator snapping turtle skeleton (Crypt:2)
  9 komodo dragons
  4 guardian mummies (Crypt:3)
  28 yaktaurs
  2 hellwings
  8 ice devils
  A harpy zombie (Abyss:2)
  A tengu conjurer (Depths:3)
  5 trolls
  5 ancient zymes
  2 red devils
  3 hydra zombies (Hell)
  12 meliai
  A queen bee (shapeshifter) (Lair:6)
  A troll (shapeshifter) (Elf:2)
  A harpy skeleton (Abyss:3)
  10 polar bears
  A sea snake skeleton (Hell)
  A hornet (shapeshifter) (D:15)
  35 merfolk
  10 wind drakes
  9 hornets
  16 raiju
  A wolf spider simulacrum (D:15)
  55 saltlings (Desolation)
  19 tarantellas
  A tarantella (shapeshifter) (Vaults:5)
  A stone giant simulacrum (Crypt:1)
  17 dream sheep
  A culicivora zombie (Crypt:2)
  A hydra skeleton (Crypt:3)
  83 slime creatures
  A dream sheep (shapeshifter) (Vaults:5)
  2 alligator zombies
  15 blink frogs
  13 large abominations
  A meliai zombie (D:15)
  33 culicivoras
  A snapping turtle (shapeshifter) (Vaults:5)
  7 snapping turtles
  An ice dragon zombie (Crypt:1)
  A centaur simulacrum (D:15)
  2 ettin zombies
  10 flying skulls
  38 jumping spiders
  A black mamba zombie (Crypt:3)
  5 ynoxinuls
  6 wraiths
  An ettin skeleton (Vaults:3)
  22 water elementals
  8 spriggans
  A shadow (D:11)
  3 wyverns
  A hog (shapeshifter) (Elf:2)
  6 vampires
  A dire elephant simulacrum (Crypt:3)
  2 fire elementals
  40 yaks
  6 hogs (D:15)
  70 redbacks
  A sea snake simulacrum (Hell)
  5 golden eyes (Slime:1)
  A redback (shapeshifter) (Abyss:3)
  7 basilisks
  6 chaos spawn
  2 neqoxecs
  Menkaure (D:5)
  A steam dragon (D:9)
  2 harpy simulacra (Hell)
  3 vampire mosquitoes
  2 wargs
  A hydra simulacrum (Hell)
  2 acid dragons
  24 water moccasins
  A two-headed ogre zombie (Crypt:3)
  4 hell hounds (Hell)
  A floating eye (Depths:3)
  37 orc warriors
  2 ice beasts
  A cane toad skeleton (Crypt:3)
  A black mamba simulacrum (Hell)
  A boggart (shapeshifter) (Vaults:5)
  5 centaurs
  11 ogres
  3 boggarts (D:15)
  2 necrophages
  A swamp dragon skeleton (Hell)
  3 phantoms
  4 nameless horrors
  A kobold brigand (D:9)
  An octopode zombie (Crypt:3)
  19 small abominations
  An elf zombie (Elf:1)
  A rime drake skeleton (Crypt:1)
  12 bullfrogs
  2 gnoll sergeants
  3 scorpions
  A bullfrog (shapeshifter) (Elf:2)
  6 earth elementals
  2 elf skeletons (D:7)
  A water moccasin skeleton (D:5)
  2 spriggan zombies
  10 killer bees
  A polar bear skeleton (Crypt:2)
  15 electric eels
  5 wights
  7 howler monkeys
  9 centaur zombies
  33 orc priests
  A hound (D:6)
  2 jellies
  An iron imp (Abyss:3)
  A human skeleton (D:7)
  An iguana (D:7)
  29 orc wizards
  15 hell rats
  A scorpion zombie (D:5)
  A felid zombie (Crypt:2)
  A hound zombie (Crypt:1)
  5 mummies (Ossuary)
  2 howler monkey zombies (D:9)
  12 gnolls
  A howler monkey skeleton (Crypt:1)
  A swamp drake zombie (Crypt:3)
  7 adders
  2 white imps
  2 ufetubi (D:5)
  A worm zombie (Crypt:1)
  An adder skeleton (Crypt:2)
  4 dart slugs
  110 orcs
  A bat skeleton (Crypt:1)
  A bat zombie (Crypt:2)
  9 endoplasms
  2 giant cockroaches
  6 goblins
  6 hobgoblins
  5 quokkas
  4 ball pythons
  2 bats (D:1)
  5 frilled lizards (D:1)
  A goblin skeleton (Crypt:3)
  A hobgoblin skeleton (Crypt:2)
  5 hobgoblin zombies (Ossuary)
  16 kobolds
  An orc skeleton (D:7)
  3 orc zombies
  4 rats
  2 lurking horrors
  7 starspawn tentacles
2821 creatures vanquished.

Vanquished Creatures (collateral kills)
  2 orbs of fire (Zot:4)
  2 golden dragons
  Mlioglotl (Shoals:3)
  A lich (Vaults:5)
  2 quicksilver dragons (Zot:3)
  2 death cobs (Zot:3)
  2 storm dragons (Zot:3)
  A shadow dragon (Vaults:5)
  2 draconian knights
  A draconian monk (Zot:4)
  A vault warden (Vaults:2)
  An imperial myrmidon (Desolation)
  An ironbound preserver (D:14)
  A black draconian (Zot:4)
  2 white draconians
  2 dire elephants
  4 purple draconians
  A yellow draconian (Zot:4)
  A deep elf death mage (Elf:1)
  A merfolk impaler (Shoals:4)
  A merfolk javelineer (Shoals:4)
  A vault guard (Vaults:2)
  A hydra (D:12)
  A boulder beetle (D:13)
  A peacekeeper (Desolation)
  2 dancing weapons
  A hell hog (Hell)
  2 tengu warriors
  A deep elf knight (Elf:2)
  2 skeletal warriors (D:15)
  4 deep trolls (Vaults:1)
  6 orc knights (Orc:2)
  2 harpies
  An ironbound convoker (Vaults:1)
  2 necromancers (Elf:1)
  A deep elf pyromancer (D:13)
  4 ugly things (IceCv)
  6 manticores
  2 moths of wrath (Zot:3)
  A water nymph (Shoals:2)
  A centaur skeleton (D:15)
  7 rime drakes (IceCv)
  A freezing wraith (D:14)
  A troll (Orc:2)
  A tengu conjurer (D:15)
  10 polar bears (IceCv)
  2 merfolk
  7 slime creatures
  A wind drake (Shoals:4)
  A saltling (Desolation)
  A snapping turtle (Shoals:4)
  A dream sheep (Shoals:2)
  2 vampires
  A centaur simulacrum (D:15)
  A large abomination (Elf:1)
  A wraith (D:14)
  5 vampire mosquitoes
  A swamp worm (shapeshifter) (D:14)
  An acid dragon (D:13)
  8 orc warriors
  3 ogres (Orc:2)
  3 elf zombies (Elf:1)
  An orc priest (Orc:2)
  An orc wizard (D:15)
  7 orcs
142 creatures vanquished.

Vanquished Creatures (others)
  A Killer Klown (Zot:5)
  A fire giant (Depths:2)
  A draconian knight (Zot:5)
  A reaper (Zot:5)
  A black draconian (Zot:4)
  A rakshasa (Depths:1)
  A peacekeeper (Desolation)
  A death knight (D:13)
  A wizard (Gauntlet)
  A manticore (Shoals:2)
  A smoke demon (Depths:1)
  3 rime drakes (IceCv)
  A harpy zombie (Hell)
  A saltling (Desolation)
  A fire elemental (Elf:3)
  A boggart (D:15)
  2 small abominations (Abyss:4)
  An orc (D:15)
  62 foxfires
  49 fungi
  143 plants
  9 starspawn tentacles
  4 tentacles (Shoals:4)
  A withered plant (Gauntlet)
289 creatures vanquished.

Grand Total: 3252 creatures vanquished

Notes
Turn   | Place    | Note
-------+----------+-------------------------------------------
     0 | D:1      | fragbeetle the Gnoll Wanderer began the quest for the Orb.
     0 | D:1      | fragbeetle set off with the following items: a +0
                  | quarterstaff, a wand of flame (4), a +0 leather armour; and
                  | the following spells available to memorise: Foxfire, Shock,
                  | Flame Wave
     0 | D:1      | Reached XP level 1. HP: 17/17 MP: 4/4
     2 | D:1      | Learned a level 1 spell: Shock
    93 | D:1      | Learned a level 1 spell: Foxfire
   113 | D:1      | Reached XP level 2. HP: 23/23 MP: 3/5
   527 | D:1      | Reached XP level 3. HP: 25/28 MP: 1/7
   853 | D:2      | Reached skill level 1 in Invocations
  1308 | D:2      | Reached skill level 1 in Short Blades
  1308 | D:2      | Reached skill level 1 in Long Blades
  1308 | D:2      | Reached skill level 1 in Axes
  1308 | D:2      | Reached skill level 1 in Maces & Flails
  1308 | D:2      | Reached skill level 1 in Polearms
  1308 | D:2      | Reached skill level 1 in Slings
  1308 | D:2      | Reached skill level 1 in Bows
  1308 | D:2      | Reached skill level 1 in Crossbows
  1308 | D:2      | Reached skill level 1 in Armour
  1308 | D:2      | Reached skill level 1 in Dodging
  1308 | D:2      | Reached skill level 1 in Stealth
  1308 | D:2      | Reached skill level 1 in Shields
  1308 | D:2      | Reached skill level 1 in Unarmed Combat
  1488 | D:2      | Reached XP level 4. HP: 34/34 MP: 4/8
  1525 | D:2      | Found a faded altar of an unknown god.
  2378 | D:3      | Found an ancient bone altar of Kikubaaqudgha.
  2393 | D:3      | Reached skill level 1 in Hexes
  2393 | D:3      | Reached skill level 1 in Summonings
  2393 | D:3      | Reached skill level 1 in Necromancy
  2393 | D:3      | Reached skill level 1 in Translocations
  2393 | D:3      | Reached skill level 1 in Transmutations
  2393 | D:3      | Reached skill level 1 in Fire Magic
  2393 | D:3      | Reached skill level 1 in Ice Magic
  2393 | D:3      | Reached skill level 1 in Air Magic
  2393 | D:3      | Reached skill level 1 in Earth Magic
  2393 | D:3      | Reached skill level 1 in Poison Magic
  2986 | D:3      | Found a glowing golden altar of the Shining One.
  3050 | D:3      | Identified the +10 plate armour "Ynlyugg" {Str+2 Int+4}
  3091 | D:3      | Reached XP level 5. HP: 38/40 MP: 9/9
  3400 | D:4      | Noticed a phantom
  3419 | D:4      | Killed a phantom
  3420 | D:4      | Reached XP level 6. HP: 43/47 MP: 9/11
  3800 | D:4      | Found Disiorph's Magic Scroll Emporium.
  3808 | D:4      | Bought a scroll of identify for 24 gold pieces
  3808 | D:4      | Bought a scroll of identify for 24 gold pieces
  3808 | D:4      | Bought a scroll of teleportation for 36 gold pieces
  3808 | D:4      | Bought a scroll of magic mapping for 42 gold pieces
  3892 | D:4      | Reached XP level 7. HP: 32/52 MP: 12/12
  4313 | D:5      | Entered Level 5 of the Dungeon
  4362 | D:5      | Identified the +0 ring mail of Fegoetes {Regen+}
  4403 | D:5      | Noticed Menkaure
  4421 | D:5      | Killed Menkaure
  4672 | D:5      | Found a staircase to the Ecumenical Temple.
  4684 | Temple   | Entered the Ecumenical Temple
  5027 | Temple   | Became a worshipper of Ashenzari the Shackled
  5606 | D:6      | Reached XP level 8. HP: 57/60 MP: 14/14
  6878 | D:7      | Reached * piety under Ashenzari
  6879 | D:7      | Found a sand-covered staircase.
  6884 | Ossuary  | Entered an ossuary
  6896 | Ossuary  | Reached XP level 9. HP: 39/66 MP: 8/16
  7336 | D:7      | Reached skill level 5 in Spellcasting
  7452 | D:7      | Noticed a hornet
  7462 | D:7      | Killed a hornet
  7463 | D:7      | Reached skill level 5 in Fighting
  7463 | D:7      | Reached skill level 5 in Throwing
  7463 | D:7      | Reached skill level 5 in Evocations
  8693 | D:8      | Reached skill level 5 in Invocations
  9291 | D:8      | Noticed a kobold demonologist
  9297 | D:8      | Noticed a kobold demonologist
  9302 | D:8      | Reached XP level 10. HP: 65/74 MP: 18/18
  9675 | D:9      | Noticed a cyclops
  9680 | D:9      | Noticed issech's ghost (novice TrMo)
  9681 | D:9      | Found a transporter.
  9705 | D:9      | Reached skill level 5 in Short Blades
  9705 | D:9      | Reached skill level 5 in Long Blades
  9705 | D:9      | Reached skill level 5 in Axes
  9705 | D:9      | Reached skill level 5 in Maces & Flails
  9705 | D:9      | Reached skill level 5 in Polearms
  9705 | D:9      | Reached skill level 5 in Slings
  9705 | D:9      | Reached skill level 5 in Bows
  9705 | D:9      | Reached skill level 5 in Crossbows
  9705 | D:9      | Reached skill level 5 in Armour
  9705 | D:9      | Reached skill level 5 in Dodging
  9705 | D:9      | Reached skill level 5 in Stealth
  9705 | D:9      | Reached skill level 5 in Shields
  9705 | D:9      | Reached skill level 5 in Unarmed Combat
  9941 | D:9      | Found a transporter.
 10188 | D:9      | Noticed a kobold demonologist
 10191 | D:9      | Noticed a kobold demonologist
 10194 | D:9      | Noticed a kobold demonologist
 10195 | D:9      | Killed a kobold demonologist
 10219 | D:9      | Noticed an orange demon
 10222 | D:9      | Noticed a sun demon
 10222 | D:9      | Killed a kobold demonologist
 10222 | D:9      | Killed a kobold demonologist
 10660 | D:10     | Entered Level 10 of the Dungeon
 10920 | D:10     | Noticed Harold
 10930 | D:10     | Killed Harold
 10944 | D:10     | Noticed a two-headed ogre
 10953 | D:10     | Killed a two-headed ogre
 10954 | D:10     | Reached XP level 11. HP: 52/83 MP: 11/20
 11151 | D:10     | Identified the +5 morningstar "Qar Laid" {flame, rPois
                  | Stlth+}
 11177 | D:10     | Noticed Erolcha
 11201 | D:11     | Identified the cursed +0 helmet of Ashenzari's Dismay
                  | {Comp, Bglg} (You found it on level 1 of the Dungeon)
 11201 | D:11     | Identified the cursed +2 buckler of Ashenzari's Mistrust
                  | {Evo, Range} (You found it on level 6 of the Dungeon)
 11277 | D:11     | Found a gate leading to a gauntlet.
 11300 | Gauntlet | Entered a Gauntlet
 11300 | Gauntlet | Noticed a wizard
 11300 | Gauntlet | Found a transporter.
 11356 | Gauntlet | Found a runed translucent door.
 11359 | Gauntlet | Found a transporter.
 11360 | Gauntlet | Found a transporter.
 11361 | Gauntlet | Found a transporter.
 11372 | Gauntlet | Found a transporter.
 11372 | Gauntlet | Found a transporter.
 11373 | Gauntlet | Found a transporter.
 11375 | Gauntlet | Noticed a wizard
 11378 | Gauntlet | Noticed a wizard
 11381 | Gauntlet | Found a transporter.
 11384 | Gauntlet | Found a transporter.
 11385 | Gauntlet | Found a transporter.
 11385 | Gauntlet | Identified the +10 whip "Saicis" {spect, *Noise rElec rC+
                  | Dex+4}
 11393 | Gauntlet | Found a transporter.
 11396 | Gauntlet | Found a transporter.
 11397 | Gauntlet | Found a transporter.
 11399 | Gauntlet | Noticed a wizard
 11399 | Gauntlet | Noticed a wizard
 11408 | Gauntlet | Found a transporter.
 11610 | Gauntlet | Killed a wizard
 11611 | Gauntlet | Reached skill level 5 in Hexes
 11611 | Gauntlet | Reached skill level 5 in Summonings
 11611 | Gauntlet | Reached skill level 5 in Necromancy
 11611 | Gauntlet | Reached skill level 5 in Translocations
 11611 | Gauntlet | Reached skill level 5 in Transmutations
 11611 | Gauntlet | Reached skill level 5 in Fire Magic
 11611 | Gauntlet | Reached skill level 5 in Ice Magic
 11611 | Gauntlet | Reached skill level 5 in Air Magic
 11611 | Gauntlet | Reached skill level 5 in Earth Magic
 11611 | Gauntlet | Reached skill level 5 in Poison Magic
 11711 | Gauntlet | Noticed a minotaur
 11729 | Gauntlet | Killed a minotaur
 11925 | D:11     | Reached ** piety under Ashenzari
 11950 | D:11     | Found a staircase to the Lair.
 11952 | D:11     | Noticed an oklob plant
 12573 | D:10     | Killed Erolcha
 13285 | D:10     | Found a staircase to the Orcish Mines.
 13577 | D:10     | Identified a scroll of acquirement
 14319 | D:11     | Killed an oklob plant
 14571 | Lair:1   | Entered Level 1 of the Lair of Beasts
 14758 | Lair:1   | Reached XP level 12. HP: 91/91 MP: 23/23
 15133 | Lair:1   | Acquired the amulet "Siuc" {Reflect Rampage SH+5}
 15460 | Lair:2   | Reached *** piety under Ashenzari
 15466 | Lair:2   | Found the +7 captain's cutlass {speed, disarm}
 15483 | Lair:2   | Noticed a five-headed hydra
 16044 | Lair:2   | Learned a level 3 spell: Dazzling Flash
 16246 | Lair:2   | Noticed a four-headed hydra
 16255 | Lair:2   | Killed a four-headed hydra
 16477 | Lair:2   | Killed a five-headed hydra
 16478 | Lair:2   | Reached skill level 10 in Staves
 16733 | Lair:2   | Reached **** piety under Ashenzari
 17052 | Lair:3   | Identified the +2 chain mail of Brilliance {SInv}
 17419 | Lair:3   | Found a staircase to the Shoals.
 17925 | Lair:3   | Found a hole to the Spider Nest.
 18067 | Lair:3   | Reached XP level 13. HP: 94/98 MP: 25/25
 19873 | Lair:5   | Found a runed translucent door.
 19873 | Lair:5   | Found a viscous altar of Jiyva.
 19908 | Lair:5   | Found a glowing silver altar of Zin.
 20707 | Lair:5   | Found a staircase to the Slime Pits.
 20707 | Lair:5   | Noticed an acid blob
 20961 | Lair:6   | Entered Level 6 of the Lair of Beasts
 21429 | Lair:6   | Reached XP level 14. HP: 102/108 MP: 27/27
 22511 | Lair:6   | Reached skill level 10 in Invocations
 24091 | Lair:6   | Learned a level 4 spell: Animate Armour
 24640 | Lair:6   | Identified the +7 hand crossbow "Fohatac" {flame, *Slow rN+
                  | Dex+5}
 24775 | Lair:6   | Reached skill level 10 in Spellcasting
 25300 | Lair:6   | Found a corrupted altar of Lugonu.
 25300 | Lair:6   | Found a one-way gate to the infinite horrors of the Abyss.
 25699 | Orc:1    | Entered Level 1 of the Orcish Mines
 25760 | Orc:1    | Reached skill level 10 in Fighting
 25760 | Orc:1    | Reached skill level 10 in Throwing
 25760 | Orc:1    | Reached skill level 10 in Evocations
 26076 | Orc:1    | Noticed an orc warlord
 26194 | D:10     | Killed an orc warlord
 26697 | Orc:1    | Found Norgh's Antique Armour Shoppe.
 26716 | Orc:1    | Reached XP level 15. HP: 76/115 MP: 29/29
 26869 | Orc:1    | Bought a pair of runed gloves for 225 gold pieces
 26869 | Orc:1    | Bought a runed helmet for 225 gold pieces
 27815 | Orc:2    | Entered Level 2 of the Orcish Mines
 28177 | Orc:2    | Found a staircase to the Elven Halls.
 28727 | Orc:2    | Reached skill level 10 in Conjurations
 29000 | Orc:2    | Reached skill level 10 in Short Blades
 29000 | Orc:2    | Reached skill level 10 in Long Blades
 29000 | Orc:2    | Reached skill level 10 in Axes
 29000 | Orc:2    | Reached skill level 10 in Maces & Flails
 29000 | Orc:2    | Reached skill level 10 in Polearms
 29000 | Orc:2    | Reached skill level 10 in Slings
 29000 | Orc:2    | Reached skill level 10 in Bows
 29000 | Orc:2    | Reached skill level 10 in Crossbows
 29000 | Orc:2    | Reached skill level 10 in Armour
 29000 | Orc:2    | Reached skill level 10 in Dodging
 29000 | Orc:2    | Reached skill level 10 in Stealth
 29000 | Orc:2    | Reached skill level 10 in Shields
 29000 | Orc:2    | Reached skill level 10 in Unarmed Combat
 29480 | Orc:2    | Found Herip's Book Emporium.
 29480 | Orc:2    | Found Dimel's Distillery.
 29481 | Orc:2    | Found Weagot's Jewellery Shoppe.
 29481 | Orc:2    | Found Fitzy's Antique Weapon Emporium.
 29489 | Orc:2    | Bought the ring "Olis" {rPois rN+ Will+ rCorr Str-3} for
                  | 469 gold pieces
 29492 | Orc:2    | Bought a scorched mace for 216 gold pieces
 29492 | Orc:2    | Identified the +5 mace "Vokhaom" {flame, Will+ Int+2} (You
                  | bought it in a shop on level 2 of the Orcish Mines)
 29495 | Orc:2    | Bought a potion of flight for 36 gold pieces
 29495 | Orc:2    | Bought a potion of heal wounds for 60 gold pieces
 29495 | Orc:2    | Bought a potion of heal wounds for 60 gold pieces
 29495 | Orc:2    | Bought a potion of curing for 36 gold pieces
 29495 | Orc:2    | Bought a potion of curing for 36 gold pieces
 29495 | Orc:2    | Bought a potion of curing for 36 gold pieces
 30709 | D:13     | Learned a level 3 spell: Summon Guardian Golem
 31213 | D:13     | Noticed Nessos
 31228 | D:13     | Killed Nessos
 31793 | D:14     | Found a gate to the Vaults.
 32517 | D:15     | Entered Level 15 of the Dungeon
 32556 | D:15     | Found a frozen archway.
 32584 | IceCv    | Entered an ice cave
 32643 | IceCv    | Reached XP level 16. HP: 129/129 MP: 25/32
 33233 | IceCv    | Noticed a shard shrike
 33249 | IceCv    | Killed a shard shrike
 33618 | D:15     | Noticed Kirke
 33623 | D:15     | Killed Kirke
 33780 | D:15     | Found a flickering gateway to a bazaar.
 33790 | Bazaar   | Entered a bazaar
 33797 | Bazaar   | Found Paghoh's Weapon Emporium.
 33803 | Bazaar   | Found Notobrya's Book Shop.
 33810 | Bazaar   | Found Cuoteyte's Jewellery Shoppe.
 33821 | Bazaar   | Found Waelegga's Magic Scroll Shop.
 33878 | Bazaar   | Bought a scroll of acquirement for 936 gold pieces
 33878 | Bazaar   | Acquired 346 gold pieces
 33898 | Bazaar   | Bought a book of Alchemy for 364 gold pieces
 33904 | Bazaar   | Learned a level 5 spell: Irradiate
 34176 | D:15     | Found an opulent altar of Gozag.
 34529 | D:15     | Found a staircase to the Depths.
 34955 | Elf:1    | Entered Level 1 of the Elven Halls
 35714 | Elf:1    | Reached XP level 17. HP: 103/140 MP: 24/35
 35726 | Elf:1    | Reached skill level 10 in Ice Magic
 36129 | Elf:1    | Identified the Incunabulum of Necromancy
 36158 | Elf:1    | Learned a level 5 spell: Silence
 36801 | Elf:2    | Found Novamisch's Distillery.
 37033 | Elf:2    | Reached ***** piety under Ashenzari
 37598 | Elf:2    | Found a runed translucent gate.
 37599 | Elf:2    | Found a runed translucent gate.
 37599 | Elf:2    | Found a runed translucent gate.
 37762 | Elf:3    | Entered Level 3 of the Elven Halls
 38241 | Elf:3    | Learned a level 3 spell: Ozocubu's Armour
 38535 | Elf:3    | Reached skill level 10 in Hexes
 38535 | Elf:3    | Reached skill level 10 in Summonings
 38535 | Elf:3    | Reached skill level 10 in Necromancy
 38535 | Elf:3    | Reached skill level 10 in Translocations
 38535 | Elf:3    | Reached skill level 10 in Transmutations
 38535 | Elf:3    | Reached skill level 10 in Fire Magic
 38535 | Elf:3    | Reached skill level 10 in Air Magic
 38535 | Elf:3    | Reached skill level 10 in Earth Magic
 38535 | Elf:3    | Reached skill level 10 in Poison Magic
 39096 | Shoals:1 | Entered Level 1 of the Shoals
 40120 | Shoals:1 | Reached XP level 18. HP: 110/151 MP: 34/37
 40441 | Shoals:1 | Noticed Louise
 40468 | Shoals:1 | Killed Louise
 41052 | Shoals:2 | Found Sodwop's Distillery.
 41065 | Shoals:2 | Bought a potion of heal wounds for 80 gold pieces
 41065 | Shoals:2 | Bought a potion of heal wounds for 80 gold pieces
 41065 | Shoals:2 | Bought a potion of heal wounds for 80 gold pieces
 41707 | Shoals:2 | Found Seny's General Store.
 43397 | Shoals:3 | Noticed Mlioglotl
 43406 | Shoals:3 | Killed Mlioglotl
 43408 | Shoals:3 | Noticed Mara
 43432 | Shoals:3 | Noticed fragbeetle's illusion
 43669 | Shoals:3 | Noticed fragbeetle's illusion
 43681 | Shoals:3 | Killed Mara
 44968 | Shoals:4 | Entered Level 4 of the Shoals
 45140 | Shoals:4 | Identified the +4 great sword of the Original Sin {spect,
                  | rF+ SInv}
 45353 | Shoals:4 | Reached XP level 19. HP: 107/159 MP: 39/39
 46998 | Shoals:4 | Got a barnacled rune of Zot
 47950 | Lair:1   | Learned a level 5 spell: Borgnjor's Vile Clutch
 47955 | Lair:1   | Learned a level 4 spell: Passage of Golubria
 48214 | Vaults:1 | Entered Level 1 of the Vaults
 48611 | Vaults:1 | Found a gateway to a bazaar.
 49006 | Vaults:1 | Noticed Donald
 49176 | Vaults:1 | Identified the +1 ring mail of Decosoci {rF++ Str+7 Dex+4
                  | Stlth+}
 49445 | Vaults:1 | Learned a level 5 spell: Metabolic Englaciation
 49824 | Vaults:1 | Identified the +6 leather armour "Xiwkoova" {rPois rF+
                  | Will+ Str-4 Int+2}
 50152 | Vaults:2 | Reached XP level 20. HP: 154/168 MP: 18/41
 50696 | Vaults:2 | Identified the +1 pair of gloves of Valiance {rF+}
 50825 | Vaults:2 | Identified the +5 scale mail "Damnable Contraption" {MP+9}
 51171 | Vaults:2 | Reached skill level 15 in Staves
 51534 | Vaults:3 | Noticed Sojobo
 51925 | Vaults:3 | Reached skill level 15 in Invocations
 52083 | Vaults:3 | Noticed Aizul
 52106 | Vaults:3 | Killed Aizul
 52347 | Vaults:3 | Killed Sojobo
 52581 | Vaults:3 | Found a basalt altar of Yredelemnul.
 52586 | Vaults:3 | Found a staircase to the Crypt.
 52586 | Vaults:3 | Found an ancient bone altar of Kikubaaqudgha.
 53174 | Vaults:4 | Noticed a golden dragon
 53451 | Vaults:4 | Found a crumbling gateway.
 53463 | Desolati | Entered the Desolation of Salt
 53609 | Desolati | Reached XP level 21. HP: 154/176 MP: 19/42
 53777 | Desolati | Identified the Volume of Arcane Weapons
 53796 | Desolati | Identified the +9 falchion of Ceus {vorpal, rF+ Will+
                  | Str-2}
 53892 | Desolati | Identified the ring of Xom's Fair Game {Ice rPois MP+9}
 54035 | Desolati | Identified the +8 dagger of Descent {vorpal, rC+}
 54038 | Desolati | Identified the ring of the Good {Int+6 Dex+4 Slay+3 SInv}
 54117 | Desolati | Identified Sif Muna's Incunabulum of the Dislocated Oath
 54249 | Desolati | Identified the Incunabulum of Enchantment
 54683 | Desolati | Identified Pistuuw's Handbook of Cold and Darkness
 55911 | Vaults:4 | Identified the Incunabulum of Aerial Envenoming
 56084 | Vaults:4 | Killed a golden dragon
 56627 | Vaults:4 | Found Yghipub's Weapon Shoppe.
 56627 | Vaults:4 | Identified the +5 plate armour of a ziggurat {rF- Will+
                  | Dex+7}
 57601 | Elf:3    | Reached skill level 15 in Ice Magic
 57670 | Elf:3    | Reached skill level 15 in Spellcasting
 57755 | Elf:3    | Reached skill level 15 in Fighting
 57755 | Elf:3    | Reached skill level 15 in Throwing
 57755 | Elf:3    | Reached skill level 15 in Evocations
 57961 | Elf:3    | Reached XP level 22. HP: 188/188 MP: 45/45
 58006 | Elf:3    | Identified the ring of the Equinox {Fly Int+5 Stlth-}
 58013 | Elf:3    | Identified the +5 mace of Tenacity {vorpal, *Noise rCorr
                  | Str+2 Dex+4}
 58040 | Elf:3    | Identified the +6 spear "Iggeggeirph" {holy, *Corrode rN+
                  | Str+6 Stlth+}
 58041 | Elf:3    | Identified the +9 mace "Kuel" {speed, rC+ Will+ MP+9 Dex+2}
 58041 | Elf:3    | Identified the amulet "Qewkeut" {Faith Drain rPois rF-
                  | rC+++}
 58045 | Elf:3    | Identified the +8 whip "Killer Bee's Doom" {vorpal, Will+}
 58137 | Elf:3    | Identified the ring "Roxobrui" {Wiz +Blink rPois rF+ Will-}
 58663 | Spider:1 | Entered Level 1 of the Spider Nest
 60269 | Spider:2 | Reached skill level 15 in Short Blades
 60269 | Spider:2 | Reached skill level 15 in Long Blades
 60269 | Spider:2 | Reached skill level 15 in Axes
 60269 | Spider:2 | Reached skill level 15 in Maces & Flails
 60269 | Spider:2 | Reached skill level 15 in Polearms
 60269 | Spider:2 | Reached skill level 15 in Slings
 60269 | Spider:2 | Reached skill level 15 in Bows
 60269 | Spider:2 | Reached skill level 15 in Crossbows
 60269 | Spider:2 | Reached skill level 15 in Armour
 60269 | Spider:2 | Reached skill level 15 in Dodging
 60269 | Spider:2 | Reached skill level 15 in Stealth
 60269 | Spider:2 | Reached skill level 15 in Shields
 60269 | Spider:2 | Reached skill level 15 in Unarmed Combat
 60792 | Spider:2 | Identified Roxanne's Disquisition on the Rocks
 60792 | Spider:2 | Noticed Roxanne
 60841 | Spider:2 | Killed Roxanne
 61972 | Spider:3 | Learned a level 6 spell: Eringya's Noxious Bog
 62614 | Spider:4 | Entered Level 4 of the Spider Nest
 62637 | Spider:4 | Identified the +1 quarterstaff of Harmony {drain, Str+4
                  | Stlth+}
 64143 | Spider:4 | Reached XP level 23. HP: 196/196 MP: 15/47
 64795 | Spider:4 | Identified the +0 hat of Dim Light {Drain rPois Int+4
                  | Dex+6}
 64842 | Spider:4 | Got a gossamer rune of Zot
 65184 | Lair:1   | Learned a level 7 spell: Ozocubu's Refrigeration
 65330 | Depths:1 | Entered Level 1 of the Depths
 65391 | Depths:1 | Found Sell's Assorted Antiques.
 65391 | Depths:1 | Found Loth's Magic Scroll Shoppe.
 65413 | Depths:1 | Found Qibyod's Weapon Emporium.
 65580 | Depths:1 | Found a gateway to Hell.
 65580 | Depths:1 | Identified the +5 chain mail "Poedair" {rF+ Str+4}
 66069 | Depths:1 | Found a one-way gate leading to the halls of Pandemonium.
 66346 | Depths:1 | Found Qyfy's Island Escapes.
 66365 | Depths:1 | Found a one-way gateway to a ziggurat.
 67010 | Depths:2 | Identified the +0 tower shield of Fun {Str+2 Int+3}
 67514 | Depths:2 | Found an opulent altar of Gozag.
 68707 | Depths:3 | Found Natusath's Antique Armour Shoppe.
 68880 | Depths:3 | Noticed a golden dragon
 68904 | Depths:3 | Killed a golden dragon
 68906 | Depths:3 | Noticed a caustic shrike
 68929 | Depths:3 | Killed a caustic shrike
 69087 | Depths:3 | Reached XP level 24. HP: 144/201 MP: 39/46
 69711 | Depths:3 | Noticed Jory
 69730 | Depths:3 | Killed Jory
 70202 | Depths:3 | Found a portal to a secret trove of treasure.
 70463 | Depths:3 | Found Jiowec's Jewellery Shop.
 70608 | Depths:3 | Found a glowing golden altar of the Shining One.
 70892 | Depths:3 | Bought a transparent helmet for 361 gold pieces
 70892 | Depths:3 | Identified the +0 helmet of Dim Light {*Corrode Str+4
                  | Dex+2} (You bought it in a shop on level 3 of the Depths)
 70968 | Depths:4 | Entered Level 4 of the Depths
 71033 | Depths:4 | Noticed the Enchantress
 71422 | Depths:4 | Killed the Enchantress
 71546 | Depths:4 | Identified the Grimoire of Bewitchment
 72051 | Depths:4 | Noticed a juggernaut
 72245 | Depths:4 | Reached skill level 15 in Conjurations
 72281 | Depths:4 | Killed a juggernaut
 73524 | Depths:4 | Reached XP level 25. HP: 107/211 MP: 42/47
 74356 | Depths:4 | Found a sparkling altar of Nemelex Xobeh.
 74401 | Depths:4 | Found a gate to the Realm of Zot.
 74993 | Slime:1  | Entered Level 1 of the Pits of Slime
 76286 | Slime:3  | Gained mutation: Your spells are a little easier to cast,
                  | but a little less powerful. [a shining eye]
 76287 | Slime:3  | Gained mutation: Potions are less effective at restoring
                  | your health. [a shining eye]
 76668 | Slime:5  | Entered Level 5 of the Pits of Slime
 76996 | Slime:5  | Gained mutation: Your mind is acute. (Int +2) [a shining
                  | eye]
 77420 | Slime:5  | Noticed the Royal Jelly
 77492 | Slime:5  | Found a viscous altar of Jiyva.
 77492 | Slime:5  | Identified the ring "Soesytas" {rF+ Int+6}
 77492 | Slime:5  | Identified the amulet "Qoash" {Acrobat rPois rN+ Regen+}
 77557 | Slime:5  | Killed the Royal Jelly
 77580 | Slime:5  | Identified the +0 morningstar "Ziojoene" {holy, Str+2
                  | Int+4}
 77583 | Slime:5  | Identified the +0 robe "Wuvyumol" {+Inv rC+++ Regen+
                  | Stlth-}
 77591 | Slime:5  | Got a slimy rune of Zot
 78370 | Vaults:5 | Entered Level 5 of the Vaults
 78985 | Vaults:5 | Noticed a dread lich
 78995 | Vaults:5 | Paralysed by a dread lich for 2 turns
 79280 | Vaults:5 | Killed a dread lich
 79281 | Vaults:5 | Reached XP level 26. HP: 163/208 MP: 41/47
 79656 | Vaults:5 | Noticed Margery
 79748 | Vaults:5 | Killed Margery
 80084 | Vaults:5 | Noticed a dread lich
 80196 | Vaults:4 | Killed a dread lich
 80296 | Vaults:5 | Reached skill level 15 in Hexes
 80296 | Vaults:5 | Reached skill level 15 in Summonings
 80296 | Vaults:5 | Reached skill level 15 in Necromancy
 80296 | Vaults:5 | Reached skill level 15 in Translocations
 80296 | Vaults:5 | Reached skill level 15 in Transmutations
 80296 | Vaults:5 | Reached skill level 15 in Fire Magic
 80296 | Vaults:5 | Reached skill level 15 in Air Magic
 80296 | Vaults:5 | Reached skill level 15 in Earth Magic
 80296 | Vaults:5 | Reached skill level 15 in Poison Magic
 80740 | Vaults:5 | Found Oray's Magic Scroll Boutique.
 80815 | Vaults:5 | Got a silver rune of Zot
 80833 | Vaults:5 | Found Muaptoth's Magic Scroll Emporium.
 80844 | Vaults:5 | Found Ferghamn's Magic Scroll Shop.
 80855 | Vaults:5 | Found Ycidoy's Magic Scroll Shoppe.
 80864 | Vaults:5 | Bought a scroll of blinking for 112 gold pieces
 80952 | Vaults:5 | Found Mialir's Jewellery Shop.
 81006 | Vaults:5 | Found Piullifu's Distillery.
 81562 | Vaults:5 | Found Xicsovout's Magic Scroll Shoppe.
 81566 | Vaults:5 | Bought a potion of heal wounds for 65 gold pieces
 81566 | Vaults:5 | Found Huydugih's Distillery.
 81570 | Vaults:5 | Bought a scroll of blinking for 90 gold pieces
 81720 | Vaults:5 | Noticed an ancient lich
 81727 | Vaults:5 | Killed an ancient lich
 81839 | Vaults:5 | Found Joicir's Book Boutique.
 82306 | Vaults:1 | Killed Donald
 82379 | Bazaar   | Entered a bazaar
 82382 | Bazaar   | Found Ilaz's Assorted Antiques.
 82407 | Bazaar   | Found Usuhaor's Armour Boutique.
 82416 | Bazaar   | Found Naemuf's Antique Weapon Boutique.
 82421 | Bazaar   | Found Cuscho's Armour Emporium.
 82444 | Bazaar   | Bought the +6 plate armour "Huoph" {rF+ rCorr Dex+4 Slay-3}
                  | for 820 gold pieces
 82675 | Vaults:5 | Bought the ring "Huikkas" {rF+ Will+ Str+4 Int+6 Stlth+}
                  | for 1160 gold pieces
 83075 | D:9      | Killed issech's ghost
 83583 | Depths:1 | Voluntarily entered the Abyss.
 83797 | Abyss:2  | Gained mutation: Your body sometimes deteriorates upon
                  | taking damage. [a neqoxec]
 83915 | Abyss:3  | Found a corrupted altar of Lugonu.
 83974 | Abyss:3  | Identified the amulet "Heitu" {rElec Regen+ rCorr}
 83991 | Abyss:3  | Found a transporter.
 84019 | Abyss:3  | Found a transporter.
 84632 | Depths:1 | Escaped the Abyss
 85415 | Lair:1   | Learned a level 6 spell: Statue Form
 85618 | Crypt:1  | Entered Level 1 of the Crypt
 85936 | Lair:1   | Lost mutation: Your mind is acute. (Int +2) [potion of
                  | mutation]
 85936 | Lair:1   | Lost mutation: Your spells are a little easier to cast, but
                  | a little less powerful. [potion of mutation]
 85936 | Lair:1   | Lost mutation: Your body sometimes deteriorates upon taking
                  | damage. [potion of mutation]
 85936 | Lair:1   | Gained mutation: You are partially covered in large bone
                  | plates. (SH +4) [potion of mutation]
 85936 | Lair:1   | Gained mutation: You occasionally shout uncontrollably at
                  | your foes. [potion of mutation]
 85936 | Lair:1   | Gained mutation: You do not regenerate when monsters are
                  | visible. [potion of mutation]
 85936 | Lair:1   | Gained mutation: You possess an exceptional clarity of
                  | mind. [potion of mutation]
 85937 | Lair:1   | Lost mutation: You occasionally shout uncontrollably at
                  | your foes. [potion of mutation]
 85937 | Lair:1   | Lost mutation: Potions are less effective at restoring your
                  | health. [potion of mutation]
 85937 | Lair:1   | Lost mutation: You are partially covered in large bone
                  | plates. (SH +4) [potion of mutation]
 85937 | Lair:1   | Lost mutation: You possess an exceptional clarity of mind.
                  | [potion of mutation]
 85938 | Lair:1   | Lost mutation: You do not regenerate when monsters are
                  | visible. [potion of mutation]
 85938 | Lair:1   | Gained mutation: You are agile. (Dex +2) [potion of
                  | mutation]
 85938 | Lair:1   | Gained mutation: Your spells are a little easier to cast,
                  | but a little less powerful. [potion of mutation]
 85938 | Lair:1   | Gained mutation: You are covered in fur. (AC +1) [potion of
                  | mutation]
 88165 | Crypt:2  | Found a transporter.
 88173 | Crypt:2  | Found a basalt altar of Yredelemnul.
 88173 | Crypt:2  | Noticed Ulecsuczon's ghost (veteran MiGl)
 88429 | Crypt:2  | Noticed Saint Roka
 88451 | Crypt:2  | Killed Saint Roka
 88563 | Crypt:2  | Found a transporter.
 88704 | Crypt:2  | Reached XP level 27. HP: 221/231 MP: 45/48
 88865 | Crypt:2  | Noticed Xtahua
 88873 | Crypt:2  | Killed Xtahua
 88878 | Crypt:2  | Noticed Mennas
 88896 | Crypt:2  | Killed Mennas
 89231 | Crypt:3  | Entered Level 3 of the Crypt
 89533 | Depths:1 | Voluntarily entered the Abyss.
 89548 | Abyss:1  | Found a sparkling altar of Nemelex Xobeh.
 89579 | Abyss:3  | Found a corrupted altar of Lugonu.
 89626 | Abyss:3  | Gained mutation: Armour fits poorly on your strangely
                  | shaped body. [a cacodemon]
 89778 | Abyss:3  | Found a glowing golden altar of the Shining One.
 89817 | Abyss:3  | Noticed a juggernaut
 89838 | Abyss:3  | Killed a juggernaut
 89862 | Abyss:3  | Got an abyssal rune of Zot
 89905 | Depths:1 | Escaped the Abyss
 90466 | Vaults:4 | Lost mutation: You are covered in fur. (AC +1) [potion of
                  | mutation]
 90466 | Vaults:4 | Lost mutation: Your spells are a little easier to cast, but
                  | a little less powerful. [potion of mutation]
 90466 | Vaults:4 | Lost mutation: You are agile. (Dex +2) [potion of mutation]
 90466 | Vaults:4 | Gained mutation: You are strong-willed. (Will+) [potion of
                  | mutation]
 90466 | Vaults:4 | Gained mutation: You are somewhat resistant to further
                  | mutation. [potion of mutation]
 90588 | Crypt:3  | Noticed Frederick
 90901 | Crypt:3  | Found an ancient bone altar of Kikubaaqudgha.
 90901 | Crypt:3  | Found a basalt altar of Yredelemnul.
 90927 | Crypt:3  | Identified the cursed +2 pair of gloves "Astral Absolutism"
                  | {Str+3, Self, Fort} (You bought it in a shop on level 1 of
                  | the Orcish Mines)
 90927 | Crypt:3  | Identified the cursed +2 pair of boots of the Restrained
                  | God {rampage, Evo, Self} (You found it on level 5 of the
                  | Pits of Slime)
 90960 | Crypt:3  | Identified the Reference Book on Frigorific Transformation
 90960 | Crypt:3  | Identified the ring "Konajo" {rElec rN+ Dex+4 Slay+3
                  | Stlth-}
 90960 | Crypt:3  | Identified the ring "Ruipit" {rElec rN+ Dex+4}
 90960 | Crypt:3  | Identified the ring "Derith" {rN+ Str+4}
 91014 | Crypt:3  | Identified the +6 shortbow of Recklessness {speed, Drain
                  | rF++}
 91014 | Crypt:3  | Identified the Collected Works on Stolen Souls
 91483 | Crypt:3  | Found a staircase to the Tomb.
 91796 | Crypt:3  | Killed Frederick
 93288 | Zot:1    | Entered Level 1 of the Realm of Zot
 94372 | Hell     | Entered the Vestibule of Hell
 94372 | Hell     | Noticed Geryon
 94381 | Hell     | Noticed Murray
 94393 | Hell     | Killed Murray
 94395 | Hell     | Killed Geryon
 94974 | Hell     | Found a gateway to the decaying netherworld of Tartarus.
 95120 | Hell     | Found a gateway to the Iron City of Dis.
 95173 | Hell     | Found a gateway to the freezing wastes of Cocytus.
 95316 | Hell     | Found a gateway to the ashen valley of Gehenna.
 95326 | Hell     | Gained mutation: You are weak. (Str -2) [mutagenic glow]
 95355 | Hell     | Gained mutation: You are dopey. (Int -2) [mutagenic glow]
 95453 | Coc:1    | Entered Level 1 of Cocytus
 95510 | Tar:1    | Entered Level 1 of Tartarus
 95567 | Geh:1    | Entered Level 1 of Gehenna
 95608 | Dis:1    | Entered Level 1 of the Iron City of Dis
 96331 | Zot:2    | Noticed an orb of fire
 96348 | Zot:2    | Killed an orb of fire
 97317 | Zot:3    | Learned a level 8 spell: Infestation
 99288 | Zot:4    | Identified the +2 leather armour of Gestures {Will+ Int+6}
 99963 | Orc:2    | Bought a potion of mutation for 96 gold pieces
100455 | Zot:5    | Entered Level 5 of the Realm of Zot
100547 | Zot:5    | Identified the +2 robe "Usmoirchuf" {rF- Dex-3 SInv Stlth+}
101069 | Zot:5    | Learned a level 7 spell: Haunt
101191 | Zot:5    | Noticed an orb of fire
101192 | Zot:5    | Noticed an orb of fire
101193 | Zot:5    | Noticed an orb of fire
101194 | Zot:5    | Gained mutation: You tend to lose your temper in combat.
                  | [an orb of fire]
101196 | Zot:5    | Noticed an orb of fire
101389 | Zot:5    | Noticed an orb of fire
101389 | Zot:5    | Lost mutation: You are somewhat resistant to further
                  | mutation. [an orb of fire]
101407 | Zot:4    | Killed an orb of fire
101490 | Zot:4    | Gained mutation: You are very weak. (Str -4) [an orb of
                  | fire]
101494 | Zot:4    | Gained mutation: You sometimes lose the ability to read
                  | scrolls when taking damage. [an orb of fire]
101495 | Zot:4    | Killed an orb of fire
101497 | Zot:4    | Lost mutation: You sometimes lose the ability to read
                  | scrolls when taking damage. [potion of mutation]
101497 | Zot:4    | Lost mutation: You are dopey. (Int -2) [potion of mutation]
101497 | Zot:4    | Lost mutation: You tend to lose your temper in combat.
                  | [potion of mutation]
101497 | Zot:4    | Gained mutation: You are dopey. (Int -2) [potion of
                  | mutation]
101565 | Zot:4    | Gained mutation: Your body sometimes deteriorates upon
                  | taking damage. [an orb of fire]
101576 | Zot:4    | Killed an orb of fire
101576 | Zot:4    | Killed an orb of fire
101699 | Zot:5    | Noticed an orb of fire
101699 | Zot:5    | Noticed an orb of fire
101759 | Zot:5    | Gained mutation: You occasionally shout uncontrollably at
                  | your foes. [an orb of fire]
101764 | Zot:5    | Gained mutation: You are occasionally teleported next to
                  | monsters. [an orb of fire]
101770 | Zot:4    | Gained mutation: Your body often deteriorates upon taking
                  | damage. [an orb of fire]
101778 | Zot:4    | Gained mutation: You sometimes lose the ability to read
                  | scrolls when taking damage. [an orb of fire]
101780 | Zot:4    | Gained mutation: You are clumsy. (Dex -2) [an orb of fire]
101784 | Zot:4    | Gained mutation: You frequently scream uncontrollably at
                  | your foes. [an orb of fire]
101788 | Zot:4    | Killed an orb of fire
102272 | Vaults:5 | Bought a potion of mutation for 104 gold pieces
102272 | Vaults:5 | Lost mutation: You are strong-willed. (Will+) [potion of
                  | mutation]
102272 | Vaults:5 | Lost mutation: You frequently scream uncontrollably at your
                  | foes. [potion of mutation]
102272 | Vaults:5 | Lost mutation: You are dopey. (Int -2) [potion of mutation]
102665 | Zot:5    | Noticed an orb of fire
102673 | Zot:5    | Gained mutation: You frequently scream uncontrollably at
                  | your foes. [an orb of fire]
102682 | Zot:5    | Gained mutation: You have hidden genetic defects. [an orb
                  | of fire]
102751 | Zot:5    | Noticed a dread lich
102765 | Zot:5    | Gained mutation: You tend to lose your temper in combat.
                  | [an orb of fire]
102766 | Zot:5    | Noticed an ancient lich
102768 | Zot:5    | Gained mutation: You often lose your temper in combat. [an
                  | orb of fire]
102777 | Zot:4    | Gained mutation: You are dopey. (Int -2) [an orb of fire]
102778 | Zot:4    | Gained mutation: Your magical capacity is low. (-10% MP)
                  | [an orb of fire]
102782 | Zot:4    | Killed an orb of fire
102868 | Zot:5    | Noticed an orb of fire
102873 | Zot:5    | Killed an ancient lich
102881 | Zot:5    | Noticed an orb of fire
102980 | Zot:5    | Gained mutation: Potions are less effective at restoring
                  | your health. [an orb of fire]
102984 | Zot:5    | Killed a dread lich
103003 | Zot:4    | Gained mutation: You are frail. (-10% HP) [an orb of fire]
103229 | Zot:5    | Killed an orb of fire
103333 | Zot:5    | Gained mutation: Your spells are a little easier to cast,
                  | but a little less powerful. [hidden defects]
103515 | Zot:5    | Identified the +2 leather armour of Nailajo {Int+4}
103571 | Zot:5    | Gained mutation: You are sometimes teleported next to
                  | monsters. [an orb of fire]
103575 | Zot:5    | Killed from afar by an orb of fire

Illustrated notes

Levels and vault maps discovered:
D:1:      psy_arrival_basics, layout_rooms
D:2:      layout_basic, ebering_ecumenical_altar_box
D:3:      layout_rooms, mainiacjoe_overflow_swirl, grunt_decor_cap,
          mrwooster_statue_mirror
D:4:      layout_basic, serial_shops,
          nicolae_shop_temple_entry_statues_fountains
D:5:      layout_rooms, minmay_temple_entry_gardened_gates, uniq_menkaure
D:6:      layout_basic, minmay_misc_feat_cross
D:7:      layout_loops_ring, nicolae_ossuary_entry_catacombs, minivault_10,
          hangedman_decor_growths, minmay_quadrilaterals
D:8:      layout_layer_cave
D:9:      layout_stronghold, gammafunk_ghost_arena
D:10:     layout_small_grid, erik_orc_2, uniq_harold, uniq_erolcha
D:11:     layout_loops_ring, dpeg_oklobed_lair, gauntlet_entry_generic
D:12:     layout_small_grid, serial_bayou_lake_a
D:13:     layout_grid_maze, uniq_nessos
D:14:     layout_loops_cross, skrybe_vaults_entry_preservation
D:15:     grunt_enter_depths_magical_seal, layout_basic, minivault_4,
          serial_shops, bzr_firewalk, portal_ice_cave_entry_ice_statue_one,
          chequers_serial_rivers_small_b, grunt_gozag_statues, uniq_kirke
Temple:   mainiacjoe_temple_cubbyholes
Lair:1:   layout_roguey, grunt_megastairs_1
Lair:2:   layout_hall_layers, infiniplex_staircase_pool_2, grunt_megastairs_5,
          serial_bayou_shore_a
Lair:3:   layout_cave_shapes, minmay_shoals_entry_centaurs, dummy_spider_entry,
          nicolae_quartered_pool_impasse
Lair:4:   layout_cave_pods, minivault_19, beast_lair_carwin_11
Lair:5:   layout_roguey, slime_altar_2, basic_altar
Lair:6:   hellmonk_lair_end_abyssal_woods, layout_small_grid
Shoals:1: layout_shoals, nicolae_shoals_aquamancer_cove, uniq_louise
Shoals:2: layout_shoals, serial_shops, nicolae_shop_behind_doors,
          nicolae_take_the_stairs, nicolae_shoals_square_sea_wall
Shoals:3: layout_shoals, nicolae_shoals_water_booths, uniq_mara, uniq_mlioglotl
Shoals:4: shoals_end_grunt_ice, layout_shoals,
          nicolae_shoals_kraken_intersection
Spider:1: layout_spider_delve, nicolae_spider_webbed_stairs
Spider:2: layout_spider_delve, nicolae_spider_circle_web, uniq_roxanne
Spider:3: layout_spider_delve, spiders_nest_the_unseen,
          nicolae_spider_cling_halls
Spider:4: spider_rune_water, nicolae_spider_some_kinda_spiderbox
Slime:1:  layout_caves
Slime:2:  layout_caves
Slime:3:  layout_caves
Slime:4:  layout_caves, nicolae_slime_barrier
Slime:5
Orc:1:    layout_caves, serial_shops, shop, guppyfry_library_mini
Orc:2:    st_orc_pillars, layout_diamond_mine, nicolae_orc_crystal_geode
Elf:1:    minmay_elf_arrival_plus, layout_loops_cross, minmay_elf_necromancy
Elf:2:    nicolae_elf_blades_splatter_lattice [nicolae_blade_lattice],
          layout_rooms, serial_shops, nicolae_shop_statue_plus, drop_trap
Elf:3:    minmay_elf_hall_furrowed, layout_geoelf_castle
Vaults:1: ontoclasm_vaults_tryst, v_misc_25, nicolae_vaults_alarming,
          vaults_room_stairs_pillars, dpeg_vaults_monster_row, vaults_room_pool,
          vaults_standard_mumra_enter_the_diamond, vaults_dpeg_cross,
          nicolae_vaults_network_quinsquares
          [nicolae_vaults_network_quincunx_subvault,
          nicolae_vaults_network_quincunx_subvault,
          nicolae_vaults_network_quincunx_subvault,
          nicolae_vaults_network_quincunx_subvault], v_rooms_4, v_alt_pattern_2,
          ontoclasm_vaults_idyll, layout_vaults_omnicross, serial_shops,
          statue_bzr, uniq_donald
Vaults:2: nicolae_vaults_asterisk, ontoclasm_vaults_chip,
          vaults_dpeg_encased_lava, v_pattern_4,
          hangedman_vaults_stretched_pinwheel, vaults_dpeg_ring,
          ontoclasm_vaults_loading_screen, layout_vaults_omnigrid
Vaults:3: ontoclasm_vaults_shuriken, v_misc_2, ontoclasm_vaults_chip, v_misc_9,
          vaults_mumra_hex, v_misc_29, nicolae_vaults_little_squares_3,
          hangedman_vaults_slice, ontoclasm_vaults_ring_square,
          ontoclasm_vaults_twist, layout_vaults_chaotic_city,
          minmay_crypt_entry_necro_gods, uniq_sojobo, uniq_aizul
Vaults:4: portal_desolation_entry_nicolae_forbidding_blocks,
          vaults_room_hallway, nicolae_vaults_asterisk,
          hangedman_vaults_restitches, v_misc_3, v_alt_pattern_3,
          nicolae_vaults_octagons, nicolae_vaults_network_star,
          grunt_vaults_hallway_long, vaults_room_fancy_cross,
          hangedman_vaults_trim, v_misc_24, layout_vaults_omnibox, serial_shops,
          nicolae_shop_bloodbath_and_beyond
Vaults:5: serial_shops, uniq_margery
Crypt:1:  layout_misc_corridors, grunt_crypt_arrival_webbed
Crypt:2:  layout_chaotic_city, basic_altar, gammafunk_ghost_arena,
          roderic_lattice_octagonal_star, uniq_mennas, uniq_xtahua,
          uniq_saint_roka
Crypt:3:  lightli_unholy_cathedral, layout_chaotic_city,
          tomb_entry_simple_bobbens, uniq_frederick
Depths:1: layout_honeycomb, enter_ziggurat_f, lightli_too_deep,
          rand_demon_pan_entry_9, nrook_mini_vaults, abyss_entry, st_stairs_12,
          hangedman_abyss_or_decor_jellyfish_corner, nicolae_island_escapes,
          serial_bayou_shore_b, minmay_shop_star
Depths:2: minmay_blocking_statues, layout_basic, lemuel_round_altar,
          grunt_pan_entry_sceptre, hangedman_geh_valley, firewood_loft,
          infiniplex_staircase_x
Depths:3: minmay_the_grid_octo_tiled_squarecenter_mashed
          [minmay_the_grid_octo_fan_narrow, minmay_the_grid_octo_teeth,
          minmay_the_grid_octo_thin_diamonds, minmay_the_grid_octo_chip,
          minmay_the_grid_square_5x5_megaprize_diamond,
          minmay_the_grid_square_5x5_six_small,
          minmay_the_grid_square_5x5_shuriken,
          minmay_the_grid_square_5x5_moneybag,
          minmay_the_grid_square_5x5_two_walls_a], layout_basic, serial_shops,
          nicolae_stop_n_shop_2, shop_fountains,
          nicolae_abyss_entry_one_way_or_another, tso_altar, enter_trove_2,
          pan_entry, hangedman_tar_grid_catacomb, nicolae_lava_and_water,
          infiniplex_staircase_zigzag_4, uniq_jory
Depths:4: lemuel_castle_with_subvaults [lemuel_castle_interior_original],
          layout_honeycomb, pf_coc_iceberg, abyss_entry,
          nemelex_lonely_heart_becter, rand_demon_pan_entry_8, uniq_enchantress
Hell
Dis:1:    layout_regular_city, lemuel_dis_dragons
Geh:1:    layout_gehenna_lava_caves
Coc:1:    layout_cocytus_water_paths
Tar:1:    layout_cathedral_of_symmetry
Zot:1:    layout_gridville
Zot:2:    layout_cathedral_of_symmetry
Zot:3:    layout_cellular_growth
Zot:4:    layout_cathedral_of_symmetry
Zot:5:    layout_misc_corridors, hangedman_zot_gyre

Skill      XL: |  1  2  3  4  5  6  7  8  9 10 11 12 13 14 15 16 17 18 19 20 21 22 23 24 25 26 27 |
---------------+----------------------------------------------------------------------------------+-----
Invocations    | 1 2 3 4 5 6 7 8 9 10 11 12 13 14 15 16 17 18 19 21 | 21.6
Short Blades   | 1 2 3 4 5 6 7 8 9 10 11 12 13 14 15 16 17 18 20 | 20.0
Long Blades    | 1 2 3 4 5 6 7 8 9 10 11 12 13 14 15 16 17 18 20 | 20.0
Axes           | 1 2 3 4 5 6 7 8 9 10 11 12 13 14 15 16 17 18 20 | 20.0
Maces & Flails | 1 2 3 4 5 6 7 8 9 10 11 12 13 14 15 16 17 18 20 | 20.0
Polearms       | 1 2 3 4 5 6 7 8 9 10 11 12 13 14 15 16 17 18 20 | 20.0
Slings         | 1 2 3 4 5 6 7 8 9 10 11 12 13 14 15 16 17 18 20 | 20.0
Bows           | 1 2 3 4 5 6 7 8 9 10 11 12 13 14 15 16 17 18 20 | 20.0
Crossbows      | 1 2 3 4 5 6 7 8 9 10 11 12 13 14 15 16 17 18 20 | 20.0
Armour         | 1 2 3 4 5 6 7 8 9 10 11 12 13 14 15 16 17 18 20 | 20.0
Dodging        | 1 2 3 4 5 6 7 8 9 10 11 12 13 14 15 16 17 18 20 | 20.0
Stealth        | 1 2 3 4 5 6 7 8 9 10 11 12 13 14 15 16 17 18 20 | 20.0
Shields        | 1 2 3 4 5 6 7 8 9 10 11 12 13 14 15 16 17 18 20 | 20.0
Unarmed Combat | 1 2 3 4 5 6 7 8 9 10 11 12 13 14 15 16 17 18 20 | 20.0
Spellcasting   | 3 4 5 6 7 8 9 10 11 12 13 14 15 16 17 18 20 | 20.2
Hexes          | 1 2 3 4 5 6 7 8 9 10 11 12 13 14 15 17 | 17.1
Summonings     | 1 2 3 4 5 6 7 8 9 10 11 12 13 14 15 17 | 17.1
Necromancy     | 1 2 3 4 5 6 7 8 9 10 11 12 13 14 15 17 | 17.1
Translocations | 1 2 3 4 5 6 7 8 9 10 11 12 13 14 15 17 | 17.1
Transmutations | 1 2 3 4 5 6 7 8 9 10 11 12 13 14 15 17 | 17.1
Fire Magic     | 1 2 3 4 5 6 7 8 9 10 11 12 13 14 15 17 | 17.1
Ice Magic      | 1 2 3 4 5 6 7 8 9 11 12 13 14 15 16 17 18 19 21 | 21.5
Air Magic      | 1 2 3 4 5 6 7 8 9 10 11 12 13 14 15 17 | 17.1
Earth Magic    | 1 2 3 4 5 6 7 8 9 10 11 12 13 14 15 17 | 17.1
Poison Magic   | 1 2 3 4 5 6 7 8 9 10 11 12 13 14 15 17 | 17.1
Fighting       | 3 4 5 6 7 8 9 10 11 12 13 14 15 16 17 18 20 | 20.2
Throwing       | 3 4 5 6 7 8 9 10 11 12 13 14 15 16 17 18 20 | 20.2
Evocations     | 3 4 5 6 7 8 9 10 11 12 13 14 15 16 17 18 20 | 20.2
Staves         | 7 8 9 10 11 12 13 14 15 16 17 18 19 20 | 20.9
Conjurations   | 6 7 8 9 10 11 12 13 14 15 16 17 | 17.9

Action                   |  1- 3 |  4- 6 |  7- 9 | 10-12 | 13-15 | 16-18 | 19-21 | 22-24 | 25-27 || total
-------------------------+-------+-------+-------+-------+-------+-------+-------+-------+-------++-------
Melee: Quarterstaff      |    39 |     2 |       |       |       |       |       |       |       ||    41
       Bite              |     3 |    16 |    59 |    96 |   198 |   152 |   265 |   300 |   669 ||  1758
       War axe           |       |    53 |   128 |       |       |       |       |       |       ||   181
       Whip              |       |    94 |   229 |       |       |       |       |       |       ||   323
       Punch             |       |     2 |     4 |       |       |       |       |       |       ||     6
       Morningstar       |       |       |    52 |   706 |  1401 |   774 |       |       |       ||  2933
       Demon trident     |       |       |       |       |       |   297 |  1501 |  1896 |  3300 ||  6994
       Mace              |       |       |       |       |       |       |       |       |   286 ||   286
 Fire: Hand crossbow     |       |       |       |       |    60 |   157 |     9 |       |    25 ||   251
Throw: Dart              |       |       |     6 |     7 |     2 |       |       |       |       ||    15
       Boomerang         |       |       |       |    19 |    15 |    40 |     4 |     4 |     1 ||    83
       Javelin           |       |       |       |       |     3 |       |       |       |       ||     3
       Throwing net      |       |       |       |       |     1 |       |       |       |       ||     1
 Cast: Shock             |    21 |     8 |       |       |       |       |       |       |       ||    29
       Foxfire           |    23 |    15 |       |       |       |       |       |       |       ||    38
       Dazzling Flash    |       |       |       |       |     3 |     5 |       |       |       ||     8
       Animate Armour    |       |       |       |       |    50 |    49 |    14 |       |     1 ||   114
       Summon Guardian G |       |       |       |       |     9 |    19 |     1 |       |       ||    29
       Irradiate         |       |       |       |       |       |    16 |    18 |    31 |   101 ||   166
       Ozocubu's Armour  |       |       |       |       |       |     3 |     4 |     2 |       ||     9
       Borgnjor's Vile C |       |       |       |       |       |       |    69 |   138 |   127 ||   334
       Metabolic Englaci |       |       |       |       |       |       |    12 |     3 |     4 ||    19
       Passage of Golubr |       |       |       |       |       |       |     1 |       |       ||     1
       Silence           |       |       |       |       |       |       |    10 |     7 |     1 ||    18
       Eringya's Noxious |       |       |       |       |       |       |       |     3 |     3 ||     6
       Ozocubu's Refrige |       |       |       |       |       |       |       |    22 |    99 ||   121
       Haunt             |       |       |       |       |       |       |       |       |    12 ||    12
       Infestation       |       |       |       |       |       |       |       |       |    12 ||    12
       Statue Form       |       |       |       |       |       |       |       |       |     2 ||     2
Invok: Curse Item        |       |       |     2 |     4 |     2 |     3 |     1 |     1 |     3 ||    16
       Shatter the Chain |       |       |       |       |     2 |     1 |     1 |     1 |     3 ||     8
 Abil: End Transformatio |       |       |       |       |       |       |       |       |     2 ||     2
Evoke: Wand              |       |       |     1 |    15 |    18 |    26 |     8 |    11 |    16 ||    95
       Tin of tremorston |       |       |       |       |     3 |     6 |     3 |     1 |     5 ||    18
       Condenser vane    |       |       |       |       |     1 |     5 |     4 |       |     5 ||    15
       Lightning rod     |       |       |       |       |     1 |    12 |     1 |       |     6 ||    20
       Box of beasts     |       |       |       |       |       |     1 |     2 |       |     2 ||     5
       Phial of floods   |       |       |       |       |       |     1 |       |       |       ||     1
       Phantom mirror    |       |       |       |       |       |       |     1 |       |     4 ||     5
  Use: Potion            |       |     1 |       |     2 |     3 |     6 |     3 |     3 |    36 ||    54
       Scroll            |       |     4 |       |     6 |     6 |     5 |     3 |     7 |    20 ||    51
 Stab: Distracted        |       |       |       |       |     2 |     1 |     6 |     6 |    15 ||    30
       Invisible         |       |       |       |       |     1 |     3 |       |       |       ||     4
       Fleeing           |       |       |       |       |     1 |       |       |       |       ||     1
       Sleeping          |       |       |       |       |       |       |     3 |    10 |    17 ||    30
Armor: Leather armour    |    18 |    10 |       |       |       |       |       |       |       ||    28
       Plate armour      |       |   106 |   359 |   482 |   710 |   539 |   462 |   603 |   984 ||  4245
       Skin              |       |       |       |       |       |       |       |       |     3 ||     3
Dodge: Dodged            |    38 |    38 |    80 |   150 |   315 |   326 |   314 |   501 |  1110 ||  2872
Block: Buckler           |       |       |   104 |   317 |   933 |   739 |   716 |  1012 |   499 ||  4320
       Reflection        |       |       |       |     4 |    16 |    97 |    59 |    10 |    26 ||   212
       Kite shield       |       |       |       |       |       |       |       |       |  1487 ||  1487
